 Dungeon Crawl Stone Soup version 0.29-a0-551-gffc1d7fb78 (webtiles) character file.

Game seed: 5391044311102817865

45 Gwenloh the Ducker (level 3, 0/15 HPs)
             Began as a Felid Transmuter on June 5, 2022.
             Succumbed to an adder's poison
             ... on level 3 of the Dungeon.
             The game lasted 00:04:54 (3208 turns).

Gwenloh the Ducker (Felid Transmuter)               Turns: 3208, Time: 00:04:54

Health: 0/15       AC:  1    Str:  8    XL:     3   Next: 42%
Magic:  5/7        EV: 18    Int: 14    God:
Gold:   135        SH:  0    Dex: 16    Spells: 0/6 levels left
                                        Lives:  0   Deaths: 0

rFire   . . .      SeeInvis +     - Unarmed
rCold   . . .      Faith    .   (shield unavailable)
rNeg    . . .      Spirit   .   (body armour unavailable)
rPois   .          Reflect  .   (helmet unavailable)
rElec   .          Harm     .   (cloak unavailable)
rCorr   .          Rampage  .   (gloves unavailable)
Will    +....                   (boots unavailable)
Stlth   +.........              (no amulet)
HPRegen 0.05/turn               g - ring of willpower
MPRegen 0.10/turn               (no ring)

@: lethally poisoned (0 -> -10), appendages, wereblooded (expiring), quick
A: horns 2, very small, claws 1, fangs 3, see invisible, speed 1, shaggy fur 1,
stealthy paws, no weapons or thrown items, no armour, multi-lived
a: End Transformation


You were on level 3 of the Dungeon.
You had temporarily grown beastly horns.
You visited 1 branch of the dungeon, and saw 3 of its levels.

You collected 135 gold pieces.

Inventory:

Jewellery
 g - a ring of willpower (left paw)
 l - a ring of protection from cold
Scrolls
 b - a scroll of fear {unknown}
 c - 2 scrolls of identify {unknown}
 e - a scroll of noise {unknown}
 h - a scroll of enchant armour {unknown}
 k - 2 scrolls of blinking {unknown}
 m - 3 scrolls of teleportation {unknown}
 n - 3 scrolls of acquirement {unknown}
 o - a scroll of vulnerability {unknown}
 p - a scroll of poison {unknown}
 s - a scroll of magic mapping {unknown}
Potions
 a - 3 potions of lignification
 d - a potion of haste {unknown}
 f - a potion of magic {unknown}
 i - a potion of heal wounds {unknown}
 j - a potion of curing {unknown}
 q - a potion of ambrosia {unknown}
 r - a potion of invisibility {unknown}


   Skills:
 + Level 1.6 Fighting
 + Level 3.3 Dodging
 + Level 3.3 Unarmed Combat
 + Level 2.4 Spellcasting
 + Level 2.7 Transmutations
 + Level 0.2 Poison Magic


You couldn't memorise any spells.
You knew the following spells:

 Your Spells              Type           Power      Damage    Failure   Level
a - Beastly Appendage     Tmut           18%        N/A       8%          1
b - Wereblood             Tmut           9%         N/A       12%         2
c - Spider Form           Tmut/Pois      5%         N/A       36%         3

Your spell library contained the following spells:

 Spells                   Type           Power      Damage    Failure   Level
 Ice Form                 Ice/Tmut       5%         N/A       78%         4


Dungeon Overview and Level Annotations

Branches:
Dungeon (3/15)

Altars:


Innate Abilities, Weirdness & Mutations

You have temporarily grown beastly horns.
You have sharp claws.
You have razor-sharp teeth.
You have supernaturally acute eyesight. (SInv)
You cover ground quickly. (Speed+)
You are covered in fur. (AC +1)
Your paws help you pounce on unaware monsters.
You are incapable of wielding weapons or throwing items.
You cannot wear armour.
You gain extra lives every three experience levels.


Message History

You kill the kobold!
You howl as the wereblood boils in your veins!
Things that are here:
a +0 short sword; 2 stones; a kobold corpse You howl as the wereblood boils in your veins!
The adder hisses angrily.
Found 5 gold pieces.
Found a stone staircase leading up.
The adder bites you. The dart slug launches a dart at you.
The slug dart hits you. The adder completely misses you.
You claw the adder! Your bite misses the adder.
The adder is severely wounded.
The adder misses you.
You closely miss the adder.
The adder is severely wounded.
The adder misses you.
You closely miss the adder. Your bite misses the adder.
The adder is severely wounded.
Your horns disappear.
The adder bites you but does no damage.
You scratch the adder.
The adder is almost dead.
The adder misses you. The adder bites you.
Casting: Wereblood (safe; 12% risk of failure)
Confirm with . or Enter, or press ? or * to list all spells.
You grow a pair of large bovine horns.
The adder bites you.
* * * LOW HITPOINT WARNING * * *
You are lethally poisoned!
The adder poisons you!
You miss the adder. Your headbutt misses the adder.
The adder is almost dead.
* * * LOW HITPOINT WARNING * * *
You feel sick. The adder bites you.
* * * LOW HITPOINT WARNING * * *
You are more poisoned.
The adder poisons you!
You scratch the adder.
You feel a bit better.
You kill the adder!
Your primal bloodlust is almost over.
You die...

####.# .......
#####.$.....
#....>......
#...........
#...........
#####..†w.....).
.w
#<.....@........
...
#.###...........
....
##...........
... #
##..##.#######
#. ###.#...#..##
# ......#...).#
# .........##.#
# .......####.#
#. # .......
#.### #.# #


You could see a dart slug.

Vanquished Creatures
  An adder (D:3)
  A dart slug (D:3)
  An orc (D:3)
  3 bats
  2 endoplasms
  3 giant cockroaches
  6 goblins
  2 hobgoblins (D:2)
  A quokka (D:1)
  4 ball pythons
  3 frilled lizards
  7 kobolds
  5 rats
39 creatures vanquished.

Notes
Turn   | Place    | Note
-------+----------+-------------------------------------------
     0 | D:1      | Gwenloh the Felid Transmuter began the quest for the Orb.
     0 | D:1      | Reached XP level 1. HP: 9/9 MP: 4/4
   286 | D:1      | You fall into a shaft and drop 1 floor!
   540 | D:2      | Reached XP level 2. HP: 12/12 MP: 4/6
   550 | D:2      | Learned a level 2 spell: Wereblood
  1012 | D:1      | Found a faded altar of an unknown god.
  2030 | D:2      | Reached XP level 3. HP: 7/15 MP: 4/7
  2312 | D:2      | Learned a level 3 spell: Spider Form
  3208 | D:3      | Succumbed to an adder's poison

Illustrated notes

Levels and vault maps discovered:
D:1:      arrival_zaba_pyramid, layout_loops_corners,
          dreamdust_ecumenical_altar_angels_and_demons
D:2:      layout_basic
D:3:      layout_rooms

Skill      XL: |  1  2 |
---------------+-------+-----
Dodging        | 3 |  3.3
Fighting       | |  1.6
Unarmed Combat | |  3.3
Spellcasting   | |  2.4
Transmutations | |  2.7
Poison Magic   | |  0.2

Action                   || total
-------------------------++-------
Melee: Unarmed           ||   111
       Headbutt          ||    12
       Bite              ||     5
       Punch             ||     2
 Cast: Beastly Appendage ||    30
       Wereblood         ||     4
 Stab: Sleeping          ||     3
Armor: Skin              ||    12
Dodge: Dodged            ||    81

Table legend: (Time is in decaauts)
 A = Elapsed time spent in this place.
 B = Non-inter-level travel time spent in this place.
 C = Inter-level travel time spent in this place.
 D = Time resting spent in this place.
 E = Time spent auto-exploring this place.
 F = Levels seen in this place.
 G = Mean time per level.
                   A        B        C        D        E       F      G
               +--------+--------+--------+--------+--------+-----+--------+
         Total |   2879 |   2835 |     44 |    244 |   2193 |   3 |  959.7 |
       Dungeon |   2879 |   2835 |     44 |    244 |   2193 |   3 |  959.7 |
               +--------+--------+--------+--------+--------+-----+--------+

Top non-repeatable levels by time:
     D:2: 1212 daAuts
     D:1: 1111 daAuts
     D:3: 555 daAuts
